 Dungeon Crawl Stone Soup version 0.31-a0-369-g8eba5f6939 (webtiles) character file.

Game seed: 18171288305821623184

7583 Flugkiller the Fighter (level 10, -10/105 (129) HPs)
             Began as a Demonspawn Shapeshifter on July 28, 2023.
             Was a Believer of Uskayaw.
             Mangled by a boulder beetle (38 damage)
             ... on level 11 of the Dungeon.
             The game lasted 00:09:31 (9411 turns).

Flugkiller the Fighter (Demonspawn Shapeshifter)    Turns: 9411, Time: 00:09:32

HP:   -10/105 (129) AC: 25    Str: 19    XL:     10   Next: 97%
MP:   15/15         EV:  2    Int: 10    God:    Uskayaw [**....]
Gold: 555           SH:  0    Dex: 14    Spells: 9/9 levels left

rFire   + . .        o - +7 hand axe of Qyteq {elec, rC+ Will+}
rCold   + . .        (no shield)
rNeg    . . .        e - melded +0 plate armour
rPois   +            (helmet currently unavailable)
rElec   .            (cloak currently unavailable)
rCorr   +            (gloves currently unavailable)
SInv    .            (boots currently unavailable)
Will    +....        J - amulet of faith
Stlth   +            p - ring of protection from fire
HPRegen 0.37/turn    h - ring of resist corrosion
MPRegen 0.28/turn

%: faith
@: tree-form (expiring), heavily drained
A: stationary, stasis, torment immunity, boosted hp, (horns 2), rugged brown
scales 2, magic regeneration
a: Renounce Religion, Stomp, Line Pass


You were on level 11 of the Dungeon.
You worshipped Uskayaw.
Uskayaw was noncommittal.
You were a tree.
You visited 2 branches of the dungeon, and saw 12 of its levels.

You collected 555 gold pieces.

Inventory:

Hand Weapons
 o - the +7 hand axe of Qyteq (weapon) {elec, rC+ Will+}
   (You found it on level 2 of the Dungeon)

   rC:        It protects you from cold.
   Will:      It increases your willpower.
Missiles
 K - a throwing net
Armour
 e - a +0 plate armour (melded)
   (You found it on level 1 of the Dungeon)
 g - a +0 pair of gloves
   (You found it on level 3 of the Dungeon)
 v - a +0 pair of boots
   (You found it on level 3 of the Dungeon)
 y - the scarf of Activism {rC+ rF+, Drain Dex+6}
   (You acquired it on level 8 of the Dungeon)

   Dex:       It affects your dexterity (+6).
   Drain:     It drains your maximum health when unequipped.
Jewellery
 f - a ring of protection from fire
   (You found it on level 8 of the Dungeon)
 h - a ring of resist corrosion (right branch)
   (You found it on level 2 of the Dungeon)
 i - a ring of see invisible
   (You found it on level 6 of the Dungeon)
 m - a ring of ice
   (You found it on level 2 of the Dungeon)
 p - a ring of protection from fire (left branch)
   (You found it on level 1 of the Dungeon)
 J - an amulet of faith (around neck)
   (You found it on level 8 of the Dungeon)
 L - an amulet of guardian spirit
   (You found it on level 8 of the Dungeon)
 M - a ring of positive energy
   (You found it on level 9 of the Dungeon)
Talismans
 c - a beast talisman
 s - a serpent talisman
   (You found it on level 1 of the Dungeon)
Wands
 k - a wand of flame (28)
   (You found it on level 3 of the Dungeon)
 H - a wand of polymorph (19)
   (You found it on level 6 of the Dungeon)
Scrolls
 a - a scroll of vulnerability
 l - a scroll of amnesia
 t - a scroll of teleportation
 u - a scroll of immolation
 x - 3 scrolls of revelation
 z - a scroll of blinking
 B - a scroll of butterflies
 D - a scroll of torment
 F - a scroll of fog
 G - a scroll of fear {unknown}
 O - a scroll of silence {unknown}
Potions
 d - 3 potions of might
 j - 3 potions of attraction
 n - a potion of resistance {unknown}
 q - 2 potions of curing
 A - a potion of haste {unknown}
 C - a potion of enlightenment {unknown}
 E - a potion of ambrosia {unknown}
 I - a potion of degeneration {unknown}
 N - 2 potions of magic


   Skills:
 + Level 8.8 Fighting
 - Level 4.0 Axes
 + Level 6.9 Armour
 - Level 1.7 Dodging
 - Level 2.6 Unarmed Combat
 + Level 6.8 Invocations
 - Level 2.0 Evocations
 + Level 8.1 Shapeshifting


You had 9 spell levels left.
You didn't know any spells.
Your spell library contained the following spells:

 Spells                   Type           Power      Damage    Failure   Level
 Magic Dart               Conj           0%         1d3       36%         1
 Shock                    Conj/Air       0%         1d3       36%         1
 Call Imp                 Summ           0%         N/A       50%         2
 Mephitic Cloud           Conj/Pois/Air  0%         N/A       75%         3
 Portal Projectile        Hex/Tloc       0%         N/A       75%         3
 Swiftness                Air            0%         N/A       75%         3
 Tukima's Dance           Hex            0%         N/A       75%         3
 Vhi's Electric Charge    Tloc/Air       0%         N/A       75%         3
 Airstrike                Air            0%         2d(0-16)  98%         4
 Animate Armour           Summ/Erth      0%         N/A       98%         4
 Iskenderun's Mystic Bla  Conj/Tloc      0%         2d3       98%         4
 Leda's Liquefaction      Hex/Erth       0%         N/A       98%         4
 Olgreb's Toxic Radiance  Pois           0%         N/A       98%         4
 Summon Lightning Spire   Summ/Air       0%         N/A       98%         4
 Arcjolt                  Conj/Air       0%         1d10      100%        5
 Lee's Rapid Deconstruct  Erth           0%         3d4*      100%        5
 Leda's Unmaking          Conj/Erth      0%         9d1       100%        6
 Plasma Beam              Fire/Air       0%         2x1d10    100%        6
 Discord                  Hex            0%         N/A       100%        8
 Ignition                 Fire           0%         3d3       100%        8


Dungeon Overview and Level Annotations

Branches:
Dungeon (11/15) Zot: 26511  Temple (1/1) D:7 Zot: 5985    Lair (0/5) D:8
    Orc (0/2) D:9

Altars:
Ashenzari
Cheibriados
Dithmenos
Fedhas
Gozag
Hepliaklqana
Kikubaaqudgha
Makhleb
Nemelex Xobeh
Okawaru
Qazlal
Ru
Sif Muna
Trog
Uskayaw
Vehumet
Wu Jian
Xom
Yredelemnul

Shops:
D:9 [

Annotations:
D:11 Nergalle


Innate Abilities, Weirdness & Mutations

You are a tree.
Your roots penetrate the ground, keeping you stationary.
You cannot be teleported.
You are immune to unholy pain and torment.
Your maximum health is greatly increased.
Your equipment is partially melded.
((You have a pair of horns on your head.))
(You are mostly covered in rugged brown scales. (AC +2, +5% HP))
You regenerate magic rapidly.


Message History

You slash the kobold!
You kill the kobold!
Things that are here:
a +0 club; 3 stones; a kobold corpse You now have 555 gold pieces (gained 7).
t - a scroll of teleportation No target in view!
k - a wand of flame (32) (gained 5 charges)
Found a stone staircase leading up.
A boulder beetle comes into view.
You hit the boulder beetle but do no damage.
You headbutt the boulder beetle, but do no damage.
The boulder beetle bites you but does no damage.
You hit the boulder beetle but do no damage.
The boulder beetle bites you but does no damage.
You slash the boulder beetle!
You punch the boulder beetle, but do no damage.
The boulder beetle is lightly wounded.
The boulder beetle bites you but does no damage.
You hit the boulder beetle but do no damage.
You headbutt the boulder beetle!
The boulder beetle is moderately wounded.
The boulder beetle closely misses you.
You can now pass through a line of other dancers.
You hit the boulder beetle but do no damage.
The boulder beetle is moderately wounded.
The boulder beetle closely misses you.
You hit the boulder beetle but do no damage.
You headbutt the boulder beetle, but do no damage.
The boulder beetle is moderately wounded.
The boulder beetle bites you!
You hit the boulder beetle but do no damage.
You headbutt the boulder beetle.
The boulder beetle is moderately wounded.
The boulder beetle bites you!
The boulder beetle waves its antennae.
The boulder beetle bites you!
You are too injured to fight recklessly!
You are too injured to fight recklessly!
Really quaff the potion of lignification?
Your transformation has ended.
You turn into a tree.
Your +0 plate armour melds into your body.
Your roots penetrate the ground.
The boulder beetle bites you but does no damage.
Unknown command.
You hit the boulder beetle but do no damage.
The boulder beetle is moderately wounded.
The boulder beetle bites you but does no damage.
You hit the boulder beetle but do no damage.
Lightning courses through the boulder beetle!!
The boulder beetle is heavily wounded.
The boulder beetle bites you but does no damage.
You hit the boulder beetle but do no damage.
The boulder beetle is heavily wounded.
The boulder beetle leaps!
You can no longer pass through a line of other dancers.
You hit the boulder beetle but do no damage.
The boulder beetle is heavily wounded.
The boulder beetle bites you!
* * * LOW HITPOINT WARNING * * *
You hit the boulder beetle.
Lightning courses through the boulder beetle!
The boulder beetle is severely wounded.
The boulder beetle bites you.
* * * LOW HITPOINT WARNING * * *
You hit the boulder beetle but do no damage.
Lightning courses through the boulder beetle!
The boulder beetle is almost dead.
The boulder beetle completely misses you.
You can now pass through a line of other dancers.
You hit the boulder beetle but do no damage.
The boulder beetle is almost dead.
The boulder beetle leaps!
Your transformation is almost over.
Aiming: Throw Flame
Press: ? - help, Shift-Dir - straight line, f - boulder beetle
Aim: a boulder beetle (almost dead, 100% to hit)
The puff of flame hits the boulder beetle.
The boulder beetle is almost dead.
Aiming: Throw Flame
Press: ? - help, Shift-Dir - straight line, f/p - boulder beetle
Aim: a boulder beetle (almost dead, 100% to hit)
The puff of flame hits the boulder beetle but does no damage.
The boulder beetle is almost dead.
Aiming: Throw Flame
Press: ? - help, Shift-Dir - straight line, f/p - boulder beetle
Aim: a boulder beetle (almost dead, 100% to hit)
The puff of flame hits the boulder beetle but does no damage.
The boulder beetle is almost dead.
The boulder beetle curls into a ball and begins rolling!
Aiming: Throw Flame
Press: ? - help, Shift-Dir - straight line, f/p - boulder beetle
Aim: a boulder beetle (almost dead, rolling, 100% to hit)
The puff of flame hits the boulder beetle but does no damage.
The boulder beetle is almost dead.
You hit the boulder beetle but do no damage.
The boulder beetle is almost dead.
The boulder beetle hits you!!!
You die...

#.#.#........# #.#
.............# #.#
###.......##.# #.#
#.##.#####.# ...
##.##.#####.# #.# ##
#...#.......### #.#
##. ##.......<.....#
#.# #..
.......#######.###.#
###.. .......#
#..♣B°# #....
.......####
######°.<........#..
##........#
.##......###?.
##...####.## .# ....
#.. ###### #...# .#
... #.. # #...# .#
.. ### # #...#######
B# . # #.........#
..
########....####.#


You could see a boulder beetle (rolling).

Vanquished Creatures
  Erica (D:10)
  2 two-headed ogres
  Psyche (D:10)
  A hornet (D:7)
  6 yaks
  A wraith (D:7)
  A wyvern (D:7)
  4 vampire mosquitoes (D:10)
  A golden eye (D:9)
  An acid dragon (D:9)
  4 water moccasins
  A hornet zombie (D:7)
  2 orc warriors
  2 ice beasts (D:7)
  6 centaurs
  A phantom (D:5)
  A kobold brigand (D:11)
  A wyvern zombie (D:7)
  3 bullfrogs
  4 scorpions
  3 wights (D:8)
  6 electric eels
  4 jellies
  2 hounds
  An orc priest (D:8)
  3 sleepcaps
  3 iguanas
  2 gnoll boudas
  9 orc wizards
  4 killer bee zombies (D:7)
  A howler monkey zombie (D:7)
  13 gnolls
  11 adders
  A shadow imp (D:7)
  A white imp (D:5)
  6 worms
  A dart slug (D:4)
  31 orcs
  8 ball pythons
  7 endoplasms
  4 giant cockroaches
  14 goblins
  6 hobgoblins
  3 jackals (D:5)
  4 quokkas
  6 bats
  3 frilled lizards
  18 kobolds
  3 rats
  A spectral hobgoblin (D:7)
223 creatures vanquished.

Notes
Turn   | Place    | Note
-------+----------+-------------------------------------------
     0 | D:1      | Flugkiller the Demonspawn Shapeshifter began the quest for
                  | the Orb.
     0 | D:1      | Reached XP level 1. HP: 15/15 MP: 1/1
   173 | D:1      | Gained mutation: You are partially covered in rugged brown
                  | scales. (AC +1, +3% HP) [demonic ancestry]
   173 | D:1      | Reached XP level 2. HP: 14/21 MP: 2/2
   842 | D:2      | Reached XP level 3. HP: 27/28 MP: 3/3
   955 | D:2      | Identified the +7 hand axe of Qyteq {elec, rC+ Will+}
  1143 | D:2      | Reached skill level 1 in Armour
  1252 | D:2      | Gained mutation: You are mostly covered in rugged brown
                  | scales. (AC +2, +5% HP) [demonic ancestry]
  1252 | D:2      | Reached XP level 4. HP: 23/36 MP: 4/4
  1596 | D:3      | Found a sacrificial altar of Ru.
  1962 | D:3      | Gained mutation: You regenerate magic rapidly. [demonic
                  | ancestry]
  1962 | D:3      | Reached XP level 5. HP: 43/43 MP: 5/5
  1998 | D:3      | Found a bloodstained altar of Trog.
  2502 | D:4      | Reached skill level 1 in Evocations
  2716 | D:4      | Reached XP level 6. HP: 47/49 MP: 6/6
  3047 | D:4      | Reached XP level 7. HP: 47/57 MP: 7/7
  3255 | D:5      | Entered Level 5 of the Dungeon
  3364 | D:5      | Reached skill level 5 in Fighting
  3401 | D:5      | Reached skill level 5 in Shapeshifting
  3698 | D:5      | Reached XP level 8. HP: 65/65 MP: 8/8
  4077 | D:6      | Noticed a two-headed ogre
  4088 | D:6      | Killed a two-headed ogre
  4806 | D:7      | Gained mutation: You have a pair of small horns on your
                  | head. [demonic ancestry]
  4806 | D:7      | Reached XP level 9. HP: 66/75 MP: 9/9
  5047 | D:7      | Reached skill level 1 in Axes
  5134 | D:7      | Found a basalt altar of Yredelemnul.
  5353 | D:7      | Found a staircase to the Ecumenical Temple.
  5422 | Temple   | Entered the Ecumenical Temple
  5429 | Temple   | Became a worshipper of Uskayaw the Reveller
  5506 | D:7      | Reached * piety under Uskayaw
  5518 | D:7      | Reached ** piety under Uskayaw
  5521 | D:7      | Reached *** piety under Uskayaw
  5524 | D:7      | Reached **** piety under Uskayaw
  5740 | D:7      | Found a hazy altar of Hepliaklqana.
  5859 | D:7      | Reached skill level 1 in Invocations
  5933 | D:7      | Found a burning altar of Makhleb.
  5999 | D:7      | Reached skill level 5 in Armour
  6377 | D:8      | Found an ancient bone altar of Kikubaaqudgha.
  6490 | D:8      | Found a staircase to the Lair.
  6569 | D:8      | Identified a scroll of acquirement
  6790 | D:8      | Found a shimmering altar of Xom.
  6966 | D:8      | Found a shimmering blue altar of Sif Muna.
  7076 | D:8      | Acquired the scarf of Activism {rC+ rF+, Drain Dex+6}
  7152 | D:9      | Found Exeywk's Armour Boutique.
  7160 | D:9      | Found a staircase to the Orcish Mines.
  7373 | D:9      | Gained mutation: You have a pair of horns on your head.
                  | [demonic ancestry]
  7373 | D:9      | Reached XP level 10. HP: 77/82 MP: 12/12
  7401 | D:9      | Noticed Erolcha
  7403 | D:9      | Erolcha changed into Erolcha the golden eye
  7403 | D:9      | Noticed Erolcha
  7446 | D:9      | Killed Erolcha the golden eye
  7841 | D:9      | Reached ***** piety under Uskayaw
  7995 | D:10     | Entered Level 10 of the Dungeon
  7995 | D:10     | Noticed Erica
  8003 | D:10     | Killed Erica
  8004 | D:10     | Reached skill level 5 in Invocations
  8038 | D:10     | Found an ornate altar of the Wu Jian Council.
  8043 | D:10     | Noticed Psyche
  8050 | D:10     | Killed Psyche
  8225 | D:10     | Noticed a two-headed ogre
  8239 | D:10     | Killed a two-headed ogre
  8970 | D:11     | Noticed Nergalle
  8973 | D:11     | Noticed a spectral orc warlord
  9373 | D:11     | Noticed a boulder beetle
  9411 | D:11     | Mangled by a boulder beetle

Illustrated notes

Levels and vault maps discovered:
D:1:      lightli_arrival_statuegarden, layout_loops_ring, minmay_statues_item
D:2:      layout_loops_cross
D:3:      minmay_recursive_quarters, layout_loops_corners,
          mainiacjoe_overflow_brackets, amcnicky_altar_gilded
D:4:      layout_loops_ring, grunt_ministairs_7, serial_bayou_pond_b,
          minmay_misc_feat_tiny
D:5:      layout_cave_pools, serial_glass, glass_columns_b, glass_columns_c,
          glass_columns_b, glass_columns_b
D:6:      layout_basic
D:7:      layout_layer_cave, nicolae_yredelemnul_corpse_copse, kennysheep_mini,
          nicolae_hepliaklqana_monster_ancestors, minmay_temple_entry_grid,
          chequers_big_river, kennysheep_cross_room
D:8:      layout_basic, mainiacjoe_overflow_catwalk, xom_teletrap_fun,
          lemuel_blue_sif_altar, dpeg_oklobed_lair, grunt_ministairs_5,
          minmay_misc_feat_chi
D:9:      layout_basic, orc_0_dummy, serial_shops, shop, uniq_erolcha
D:10:     layout_basic, mainiacjoe_overflow_boulevard,
          mainiacjoe_overflow_24_doors, uniq_psyche, uniq_erica
D:11:     layout_loops_cross, uniq_nergalle
Temple:   nicolae_temple_no_exploring_needed

Skill      XL: |  1  2  3  4  5  6  7  8  9 10 |
---------------+-------------------------------+-----
Shapeshifting  | 3 4 5 6 7 8 |  8.1
Fighting       | 2 3 4 5 7 8 |  8.8
Armour         | 1 2 3 4 5 6 |  6.9
Evocations     | 1 2 |  2.0
Axes           | 4 |  4.0
Invocations    | 3 6 |  6.8
Dodging        | |  1.7
Unarmed Combat | |  2.6

Action                     |  1- 3 |  4- 6 |  7- 9 | 10-12 || total
---------------------------+-------+-------+-------+-------++-------
  Melee: Unarmed           |    67 |       |       |       ||    67
         Hand axe          |    14 |   131 |   172 |   100 ||   417
         Punch             |       |     2 |     5 |     7 ||    14
         Headbutt          |       |       |    16 |    17 ||    33
  Evoke: Wand              |       |       |     2 |    11 ||    13
    Use: Scroll            |       |     3 |    10 |     7 ||    20
         Potion            |       |       |     4 |     4 ||     8
   Stab: Sleeping          |     1 |       |       |       ||     1
         Paralysed         |       |       |     4 |     8 ||    12
 Armour: Plate armour      |    31 |    79 |   142 |    67 ||   319
         Skin              |       |       |     3 |     3 ||     6
  Dodge: Dodged            |    26 |    31 |    55 |    26 ||   138

Table legend: (Time is in decaauts)
 A = Elapsed time spent in this place.
 B = Non-inter-level travel time spent in this place.
 C = Inter-level travel time spent in this place.
 D = Time resting spent in this place.
 E = Time spent auto-exploring this place.
 F = Levels seen in this place.
 G = Mean time per level.
                   A        B        C        D        E       F      G
               +--------+--------+--------+--------+--------+-----+--------+
         Total |   9546 |   9225 |    321 |   1670 |   5965 |  12 |  795.5 |
       Dungeon |   9531 |   9216 |    315 |   1670 |   5965 |  11 |  866.5 |
        Temple |     14 |      8 |      6 |      0 |      0 |   1 |   14.0 |
               +--------+--------+--------+--------+--------+-----+--------+

Top non-repeatable levels by time:
     D:7: 1606 daAuts
    D:10: 965 daAuts
     D:3: 927 daAuts
     D:9: 883 daAuts
     D:2: 882 daAuts
     D:4: 822 daAuts
     D:6: 779 daAuts
     D:8: 763 daAuts
     D:5: 746 daAuts
     D:1: 666 daAuts
    D:11: 487 daAuts
  Temple: 14 daAuts
